 Dungeon Crawl Stone Soup version 0.29-a0-72-g1732ff48e7 (webtiles) character file.

Game seed: 11133192066867683934

5498 blank1 the Basher (level 10, 0/96 HPs)
             Began as a Minotaur Fighter on Feb 3, 2022.
             Was a Believer of Okawaru.
             Slain by a death yak (19 damage)
             ... on level 9 of the Dungeon.
             The game lasted 00:13:33 (11018 turns).

blank1 the Basher (Minotaur Fighter)               Turns: 11018, Time: 00:13:33

Health: 0/96       AC: 24    Str: 23    XL:     10   Next: 42%
Magic:  12/12      EV: 10    Int:  5    God:    Okawaru [**....]
Gold:   574        SH:  6    Dex: 12    Spells: 9/9 levels left

rFire   . . .      SeeInvis .   g - +0 flail (vorpal)
rCold   . . .      Faith    .   c - +0 buckler
rNeg    . . .      Spirit   .   b - +0 plate armour
rPois   .          Reflect  .   (helmet restricted)
rElec   .          Harm     .   s - +1 cloak
rCorr   .          Rampage  .   A - +0 pair of gloves
Will    .....                   (no boots)
Stlth   ..........              (no amulet)
HPRegen 0.26/turn               w - +4 ring of protection
MPRegen 0.13/turn               (no ring)

@: heroic
A: horns 2, retaliatory headbutt
a: Renounce Religion, Heroism


You were on level 9 of the Dungeon.
You worshipped Okawaru.
Okawaru was pleased with you.
You visited 2 branches of the dungeon, and saw 10 of its levels.
You also visited: Ossuary.

You collected 574 gold pieces.

Inventory:

Hand Weapons
 g - a +0 vorpal flail (weapon)
Missiles
 k - 3 throwing nets (quivered)
Armour
 b - a +0 plate armour (worn)
 c - a +0 buckler (worn)
 s - a +1 cloak (worn)
 A - a +0 pair of gloves (worn)
Jewellery
 w - a +4 ring of protection (left hand)
Wands
 p - a wand of iceblast (10)
 q - a wand of mindburst (18)
 x - a wand of digging (5)
Scrolls
 i - a scroll of magic mapping
 l - a scroll of silence {unknown}
 n - a scroll of blinking {unknown}
 t - a scroll of fog {unknown}
 v - a scroll of identify
 y - a scroll of teleportation
Potions
 a - a potion of flight {unknown}
 d - 2 potions of might
 e - a potion of berserk rage
 f - a potion of brilliance
 h - 2 potions of mutation
 m - 4 potions of cancellation
 o - 2 potions of curing
 r - a potion of attraction {unknown}
 u - a potion of resistance


   Skills:
 + Level 11.3(16.3) Fighting
 + Level 11.3(16.3) Maces & Flails
 - Level 8.0(13.0) Armour
 - Level 5.0(10.0) Dodging
 - Level 4.0(9.0) Shields
 - Level 4.0 Invocations


You had 9 spell levels left.
You didn't know any spells.
Your spell library contained the following spells:

 Spells                   Type           Power      Damage    Failure   Level
 Beastly Appendage        Tmut           0%         N/A       100%        1
 Foxfire                  Conj/Fire      0%         2x1d4     100%        1
 Magic Dart               Conj           0%         1d3       100%        1
 Pain                     Necr           0%         1d4       100%        1
 Slow                     Hex            0%         N/A       100%        1
 Sting                    Tmut/Pois      0%         1d3       100%        1
 Blink                    Tloc           0%         N/A       100%        2
 Poisonous Vapours        Pois/Air       0%         N/A       100%        2
 Wereblood                Tmut           0%         N/A       100%        2
 Conjure Flame            Conj/Fire      0%         6-21      100%        3
 Ignite Poison            Fire/Tmut/Pois 0%         N/A       100%        3
 Lesser Beckoning         Tloc           0%         N/A       100%        3
 Spider Form              Tmut/Pois      0%         N/A       100%        3
 Vampiric Draining        Necr           0%         2d6       100%        3
 Olgreb's Toxic Radiance  Pois           0%         N/A       100%        4
 Sticky Flame             Conj/Fire      0%         2d3       100%        4
 Fireball                 Conj/Fire      0%         3d3       100%        5
 Freezing Cloud           Conj/Ice/Air   0%         6-21      100%        5
 Manifold Assault         Tloc           0%         N/A       100%        5
 Animate Skeleton         Necr           Unusable   N/A       N/A         1
 Call Imp                 Summ           Unusable   N/A       N/A         2
 Spellforged Servitor     Conj/Summ      Unusable   N/A       N/A         7

Dungeon Overview and Level Annotations

Branches:
Dungeon (9/15)             Temple (1/1) D:7            Lair (0/6) D:9
Ossuary (visited)
    Orc: D:9-12

Altars:
Ashenzari
Cheibriados
Elyvilon
Fedhas
Hepliaklqana
Kikubaaqudgha
Okawaru
Ru
Sif Muna
Trog
Uskayaw
Vehumet
Wu Jian
Xom
Yredelemnul
Zin

Shops:
D:2 [   D:8 *:!


Innate Abilities, Weirdness & Mutations

You have a pair of horns on your head.
You reflexively headbutt those who attack you in melee.


Message History

You barely miss the death yak. You headbutt the death yak!
The death yak is moderately wounded.
You barely miss the death yak.
The death yak is moderately wounded.
The death yak snorts and paws the ground.
The death yak gores you but does no damage.
You sock the death yak! You headbutt the death yak!
The death yak is heavily wounded.
The orc priest looks satisfied for a moment.
The death yak gores you!
You sock the death yak!
The death yak is severely wounded.
You block the death yak's attack.
The orc priest miscasts a cantrip.
You hit the death yak.
The death yak is severely wounded.
You hit the death yak.
The death yak is severely wounded.
The death yak gores you.
You hit the death yak.
The death yak is severely wounded.
The death yak gores you!!
You sock the death yak!
You kill the death yak!
Okawaru is honoured by your kill.
Your base Fighting skill increases to level 11!
Your base Maces & Flails skill increases to level 11!
You hit the death yak but do no damage. The death yak barely misses you.
You furiously retaliate!
You headbutt the death yak, but do no damage.
You sock the death yak! You headbutt the death yak!
The death yak is moderately wounded.
You sock the death yak!
The death yak is heavily wounded.
The death yak gores you!
* * * LOW HITPOINT WARNING * * *
You hit the death yak.
The death yak is heavily wounded.
The death yak gores you!!
You die...

,,,,,,.................,,,*
*,****.................,,,*
,,,,,,...#.............,,,*
,,,,,,............<....,,,*******
,,,,,,.....o....o........,**,,,,,
,*,,,*,,,#....ZKK.........**,,,,,
,,,>,,#...o####oY#........**,,,,,
,,,,,*...,,* ##Y#........**,,,,,
,,,,,,.,,,,* #@#}.......**,,,,,
,,,,,,,,,,,* #.#........**,,,,,
,,,,,,,,,*,* #.#........**,,,,,
*****,,,,,,* ##..........**,,,,,
******** #........##***,,,,,
#.#.###..#****,,,,,
#.#.###,.#*,,,,,,,,
#.....#,.##,*,****,
####..#,..,,*,# **,


You could see 2 death yaks, an orc warrior, an orc priest, a centaur zombie and
2 kobolds.

Vanquished Creatures
  A death yak (D:9)
  A hornet (D:7)
  A wyvern (D:8)
  8 yaks
  2 steam dragons
  2 water moccasins (D:8)
  Duvessa (D:4)
  A black bear (D:8)
  2 orc warriors
  An ice beast (D:8)
  A sky beast (D:4)
  A centaur (D:7)
  A necrophage (D:6)
  2 ogres
  A phantom (D:4)
  A kobold brigand (D:9)
  2 elf zombies (Ossuary)
  A bullfrog (D:7)
  A wyvern zombie (D:7)
  A gnoll sergeant (D:6)
  5 scorpions
  A water moccasin skeleton (D:5)
  Dowan (D:4)
  A jelly (D:6)
  5 killer bees (D:8)
  A centaur skeleton (D:7)
  A human zombie (Ossuary)
  3 centaur zombies
  Crazy Yiuf (D:3)
  A gnoll shaman (D:4)
  An orc priest (D:7)
  A hound (D:5)
  Jessica (D:3)
  An iguana (D:6)
  Ijyb (D:3)
  Natasha (thrice) (D:3)
  5 orc wizards
  2 hell rats (D:9)
  2 mummies (Ossuary)
  Robin (D:3)
  11 gnolls
  8 adders
  A howler monkey skeleton (D:2)
  3 river rats (D:9)
  3 white imps
  2 ufetubi
  An adder skeleton (D:4)
  2 worms (D:3)
  15 orcs
  6 ball pythons
  3 endoplasms
  4 giant cockroaches
  3 gnoll zombies (Ossuary)
  7 hobgoblins
  7 kobolds
  4 quokkas
  5 bats
  A frilled lizard (D:2)
  12 goblins
  3 goblin zombies (Ossuary)
  2 hobgoblin zombies (Ossuary)
  An orc zombie (Ossuary)
  5 rats
179 creatures vanquished.

Vanquished Creatures (others)
  10 plants (D:2)
10 creatures vanquished.

Grand Total: 189 creatures vanquished

Notes
Turn   | Place    | Note
-------+----------+-------------------------------------------
     0 | D:1      | blank1 the Minotaur Fighter began the quest for the Orb.
     0 | D:1      | Reached XP level 1. HP: 19/19 MP: 0/0
   288 | D:1      | Found a faded altar of an unknown god.
   561 | D:1      | Reached XP level 2. HP: 27/27 MP: 1/1
  1019 | D:2      | Reached skill level 1 in Dodging
  1019 | D:2      | HP: 1/27 [gnoll (5)]
  1027 | D:2      | HP: 1/27 [gnoll (1)]
  1030 | D:1      | Reached XP level 3. HP: 2/33 MP: 2/2
  1941 | D:2      | Reached XP level 4. HP: 40/40 MP: 3/3
  2113 | D:2      | Got Imiag's Catalogue of the Land of Plenty
  2418 | D:2      | Found Peipt's Armour Emporium.
  2604 | D:3      | Noticed Jessica
  2604 | D:3      | Noticed Natasha
  2655 | D:3      | Found a snail-covered altar of Cheibriados.
  2748 | D:3      | Killed Natasha
  2753 | D:3      | Noticed Natasha
  2766 | D:3      | Killed Natasha
  2767 | D:3      | Reached XP level 5. HP: 33/47 MP: 4/4
  2772 | D:3      | Killed Jessica
  2774 | D:3      | HP: 2/47 [poisoned by Jessica]
  2891 | D:3      | Noticed Natasha
  2901 | D:3      | Killed Natasha
  2902 | D:3      | Reached skill level 5 in Fighting
  2902 | D:3      | Reached skill level 5 in Maces & Flails
  3120 | D:3      | Found a runed translucent door.
  3120 | D:3      | Noticed Ijyb
  3121 | D:3      | Noticed Crazy Yiuf
  3125 | D:3      | Killed Ijyb
  3215 | D:3      | Killed Crazy Yiuf
  3267 | D:3      | Reached XP level 6. HP: 56/56 MP: 5/5
  3504 | D:3      | Noticed Robin
  3511 | D:3      | Killed Robin
  3832 | D:4      | Noticed a yak
  3840 | D:4      | Noticed a yak
  3841 | D:4      | Noticed a yak
  3841 | D:4      | Noticed a yak
  3843 | D:4      | Noticed a yak
  3851 | D:4      | Killed a yak
  3857 | D:4      | Killed a yak
  3858 | D:4      | Reached skill level 5 in Armour
  3858 | D:4      | Reached XP level 7. HP: 41/63 MP: 6/6
  3866 | D:4      | Killed a yak
  3872 | D:4      | Killed a yak
  3879 | D:4      | Killed a yak
  3880 | D:4      | Reached XP level 8. HP: 15/73 MP: 7/7
  4638 | D:4      | Noticed Dowan
  4640 | D:4      | Noticed Duvessa
  4645 | D:4      | Killed Dowan
  4654 | D:4      | Killed Duvessa
  5485 | D:5      | Entered Level 5 of the Dungeon
  5957 | D:5      | Found a sand-covered staircase.
  6084 | Ossuary  | Entered an ossuary
  6860 | D:5      | Reached XP level 9. HP: 84/84 MP: 8/8
  6995 | D:6      | Identified the +0 scale mail of Yluah {Str+6}
  7277 | D:6      | Reached skill level 10 in Fighting
  7277 | D:6      | Reached skill level 10 in Maces & Flails
  7604 | D:6      | Found a sacrificial altar of Ru.
  7944 | D:6      | Found a hazy altar of Hepliaklqana.
  8725 | D:7      | Found a staircase to the Ecumenical Temple.
  8732 | D:7      | Paralysed by a hornet for 3 turns
  8737 | D:7      | Paralysed by a hornet for 1 turns
  8744 | D:7      | Reached skill level 5 in Dodging
  8751 | Temple   | Entered the Ecumenical Temple
  9101 | Temple   | Became a worshipper of Warmaster Okawaru
  9212 | D:7      | Reached skill level 1 in Invocations
  9334 | D:7      | Found an ornate altar of the Wu Jian Council.
  9387 | D:7      | Found a bloodstained altar of Trog.
  9543 | D:7      | Found a shimmering blue altar of Sif Muna.
  9547 | D:7      | Got Sif Muna's Disquisition on Igneous Execration
  9713 | D:7      | Found an ancient bone altar of Kikubaaqudgha.
  9817 | D:8      | Found Qobruac's Distillery.
 10025 | D:8      | Found a broken altar of Ashenzari.
 10099 | D:8      | Found Ropax's Assorted Antiques.
 10206 | D:8      | Reached XP level 10. HP: 92/93 MP: 12/12
 10242 | D:8      | Reached * piety under Okawaru
 10465 | D:8      | Found Eras's Book Boutique.
 10623 | D:8      | Found a basalt altar of Yredelemnul.
 10953 | D:9      | Noticed a death yak
 10985 | D:9      | Noticed a death yak
 10997 | D:9      | Noticed a death yak
 11014 | D:9      | Killed a death yak
 11014 | D:9      | Reached ** piety under Okawaru
 11018 | D:9      | Slain by a death yak

Illustrated notes

Levels and vault maps discovered:
D:1:      dpeg_arrival_concentric_ovals, layout_basic,
          ebering_ecumenical_altar_hall, chequers_serial_rivers_marsh
D:2:      wad_lake_hut, layout_basic, serial_shops, nicolae_shop_waterfront
D:3:      layout_loops_ring, lemuel_doored_altar, uniq_robin,
          uniq_crazy_yiuf_cottage, uniq_jessica, uniq_ijyb, uniq_natasha
D:4:      layout_loops_corners, uniq_duvessa
D:5:      layout_basic, nicolae_ossuary_entry_ruins
D:6:      layout_loops_ring, nzn_hepliaklqana_mist_gate,
          nicolae_ru_great_annihilating_truth
D:7:      layout_cave_pools, nzn_overflow_gifts_of_might_and_magic,
          nzn_wu_jian_contemplation, marbit_many_paths,
          minmay_temple_entry_poolview
D:8:      layout_loops_ring, cheibrodos_ashenzari_chains,
          mainiacjoe_overflow_cross_hatched, serial_shops, nicolae_shop_stone,
          nicolae_shop_behind_doors, nicolae_take_the_stairs, chequers_arboretum
D:9:      layout_basic, dpeg_lair_monsters, enter_bailey_3, minmay_st_funbox
Temple:   nicolae_temple_figure_eight

Skill      XL: |  1  2  3  4  5  6  7  8  9 10 |
---------------+-------------------------------+-----
Dodging        | 1 2 3 5 |  5.0
Fighting       | 4 5 6 7 9 10 11 | 11.3
Armour         | 4 5 6 8 |  8.0
Shields        | 4 |  4.0
Maces & Flails | 3 4 5 6 7 9 10 11 | 11.3
Invocations    | 4 |  4.0

Action                   |  1- 3 |  4- 6 |  7- 9 | 10-12 || total
-------------------------+-------+-------+-------+-------++-------
Melee: Flail             |    58 |   133 |   365 |   107 ||   663
       Headbutt          |     9 |    22 |    69 |    23 ||   123
Invok: Heroism           |       |       |       |     1 ||     1
  Use: Potion            |       |     2 |     4 |       ||     6
       Scroll            |       |     4 |     8 |     2 ||    14
 Stab: Paralysed         |       |       |     1 |       ||     1
Armor: Scale mail        |    18 |    60 |    24 |       ||   102
       Chain mail        |       |       |    87 |       ||    87
       Plate armour      |       |       |    89 |    46 ||   135
Dodge: Dodged            |    26 |    61 |   154 |    27 ||   268
Block: Buckler           |    16 |    28 |    82 |    15 ||   141

Table legend: (Time is in decaauts)
 A = Elapsed time spent in this place.
 B = Non-inter-level travel time spent in this place.
 C = Inter-level travel time spent in this place.
 D = Time resting spent in this place.
 E = Time spent auto-exploring this place.
 F = Levels seen in this place.
 G = Mean time per level.
                   A        B        C        D        E       F      G
               +--------+--------+--------+--------+--------+-----+--------+
         Total |  11124 |  10647 |    477 |   1881 |   7214 |  11 | 1011.3 |
       Dungeon |  10321 |   9888 |    433 |   1759 |   6679 |   9 | 1146.8 |
        Temple |    385 |    341 |     44 |      0 |    336 |   1 |  385.0 |
       Ossuary |    417 |    417 |      0 |    122 |    199 |   1 |  417.0 |
               +--------+--------+--------+--------+--------+-----+--------+

Top non-repeatable levels by time:
     D:4: 1732 daAuts
     D:6: 1700 daAuts
     D:1: 1527 daAuts
     D:2: 1183 daAuts
     D:3: 1157 daAuts
     D:8: 1101 daAuts
     D:5: 1012 daAuts
     D:7: 815 daAuts
 Ossuary: 417 daAuts
  Temple: 385 daAuts
     D:9: 90 daAuts
